 Dungeon Crawl Stone Soup version 0.21-a0-442-g848f44b (webtiles) character file.

202 graki42 the Magician (level 5, -5/28 HPs)
             Began as a Deep Elf Fire Elementalist on Nov 12, 2017.
             Slain by Duvessa
             ... wielding a +0 rapier
              (14 damage)
             ... on level 4 of the Dungeon.
             The game lasted 00:11:22 (2772 turns).

graki42 the Magician (Deep Elf Fire Elementalist)   Turns: 2772, Time: 00:11:23

Health: -5/28      AC:  2    Str:  6    XL:     5   Next: 50%
Magic:  11/23      EV: 13    Int: 20    God:
Gold:   147        SH:  0    Dex: 15    Spells: 3/14 levels left

rFire    . . .     SeeInvis .   s - +0 falchion
rCold    . . .     Gourm    .   (no shield)
rNeg     . . .     Faith    .   a - +0 robe
rPois    .         Spirit   .   (no helmet)
rElec    .         Reflect  .   (no cloak)
rCorr    .         Harm     .   (no gloves)
MR       .....                  (no boots)
Stlth    ++........             (no amulet)
HPRegen  0.09/turn              k - ring of magical power
MPRegen  0.18/turn              (no ring)

@: no status effects
A: no striking features
a: no special abilities


You were on level 4 of the Dungeon.
You were not hungry.

You visited 1 branch of the dungeon, and saw 4 of its levels.

You collected 147 gold pieces.

Inventory:

Hand Weapons
 s - a +0 falchion (weapon)
Armour
 a - a +0 robe (worn)
Jewellery
 k - a ring of magical power (left hand)
 m - an uncursed ring of protection from fire {unknown}
Scrolls
 e - 3 scrolls of immolation {unknown}
 f - 2 scrolls of noise {unknown}
 i - 2 scrolls of identify {unknown}
 j - 3 scrolls of remove curse {unknown}
 l - a scroll of enchant weapon {unknown}
 r - a scroll of fog {unknown}
 v - a scroll of blinking {unknown}
Potions
 g - a potion of flight {unknown}
 n - a potion of mutation {unknown}
 o - 2 potions of curing {unknown}
 q - a potion of agility {unknown}
 t - 2 potions of brilliance {unknown}
Books
 b - a book of Flames

   Spells                             Type                      Level
   a - Flame Tongue                   Conjuration/Fire             1
   b - Throw Flame                    Conjuration/Fire             2
   c - Conjure Flame                  Conjuration/Fire             3
   d - Inner Flame                    Hexes/Fire                   3
   e - Sticky Flame                   Conjuration/Fire             4
   f - Fireball                       Conjuration/Fire             5
Comestibles
 c - 4 bread rations
 d - 2 meat rations
 h - 2 royal jellies
 p - a fruit
 u - 2 chunks of flesh


   Skills:
 + Level 2.7 Dodging
 + Level 2.9 Stealth
 + Level 5.1 Spellcasting
 + Level 3.0 Conjurations
 + Level 0.4 Hexes
 + Level 4.7 Fire Magic


You had 3 spell levels left.
You knew the following spells:

 Your Spells              Type           Power        Failure   Level  Hunger
a - Flame Tongue          Conj/Fire      ###..        2%          1    None
b - Conjure Flame         Conj/Fire      ###.....     7%          3    ##.....
c - Inner Flame           Hex/Fire       ###.....     12%         3    ##.....
d - Sticky Flame          Conj/Fire      ###.....     22%         4    ####...


Dungeon Overview and Level Annotations

Branches:
Dungeon (4/15)
 Temple: D:4-7

Altars:
Cheibriados
Dithmenos
Nemelex Xobeh
Yredelemnul

Annotations:
D:4 Dowan, Duvessa


Message History

Aiming: Flame Tongue
Press: ? - help, Shift-Dir - straight line, f/p - iguana
Aim: an iguana (moderately wounded, inner flame)
The flame tongue hits the iguana.
The iguana is severely wounded.
Duvessa is engulfed in blazing flames.
Duvessa says, "Where magic fails, the sword succeeds!"
Duvessa hits you with a rapier.
Unknown command.
Dowan casts a spell.
Dowan blinks!
Duvessa is engulfed in blazing flames.
Duvessa hits you with a rapier.
Okay, then.
Duvessa is engulfed in blazing flames.
Duvessa hits you with a rapier!
Dowan mumbles some strange words.
Dowan blinks!
Duvessa hits you with a rapier!
Ouch! That really hurt!
You die...

#.#.## ##.# #...#
#.# #.# # ###.##
##.# #.# #.## ##.##
##.## #.# #....
##.###.## #.#
#.....###...## #.#
........l...# #.#
#.....####e.# #.#
##... #.@# #.# ....
#..# #.# ## ###
#..########.# ##.
#...........## ##..
#.####.......###...
#.# #.##......>...
#.####.##.##.###...
#..................
######.##.##.#####.


You could see Duvessa (inner flame) and an iguana (inner flame).

Vanquished Creatures
  A scorpion (D:4)
  Jessica (D:2)
  2 adders (D:3)
  3 gnolls (D:2)
  An ooze (D:2)
  An adder skeleton (D:4)
  A worm (D:2)
  2 dart slugs
  4 leopard geckos
  4 orcs (D:3)
  5 giant cockroaches
  8 goblins
  7 hobgoblins
  7 kobolds
  2 ball pythons
  4 bats
  5 frilled lizards
  A quokka skeleton (D:4)
  6 rats
65 creatures vanquished.

Notes
Turn   | Place    | Note
-------+----------+-------------------------------------------
     0 | D:1      | graki42 the Deep Elf Fire Elementalist began the quest for the Orb.
     0 | D:1      | Reached XP level 1. HP: 10/10 MP: 6/6
   116 | D:1      | Reached XP level 2. HP: 15/15 MP: 0/8
   494 | D:1      | You fall through a shaft!
   922 | D:1      | Reached XP level 3. HP: 19/19 MP: 8/10
   927 | D:1      | Learned a level 3 spell: Conjure Flame
   931 | D:1      | Learned a level 3 spell: Inner Flame
  1100 | D:2      | Found a shadowy altar of Dithmenos.
  1278 | D:2      | Reached skill level 4 in Spellcasting
  1291 | D:2      | Reached XP level 4. HP: 24/24 MP: 2/12
  1455 | D:2      | Noticed Jessica
  1462 | D:2      | Killed Jessica
  1522 | D:2      | Found a snail-covered altar of Cheibriados.
  1568 | D:2      | Found a sparkling altar of Nemelex Xobeh.
  1568 | D:2      | Found a basalt altar of Yredelemnul.
  1985 | D:3      | Reached XP level 5. HP: 28/28 MP: 8/13
  2650 | D:4      | Reached skill level 5 in Spellcasting
  2747 | D:4      | Learned a level 4 spell: Sticky Flame
  2759 | D:4      | Noticed Dowan
  2760 | D:4      | Noticed Duvessa
  2772 | D:4      | Slain by Duvessa

Vault maps used:
D:1:      dpeg_arrival_boxes_within_box
D:2:      lemuel_round_altar, grunt_dithmenos_smoke_and_mirrors,
          gammafunk_temple_overflow_wave, patterned_corridor, uniq_jessica
D:3:      st_stairs_6
D:4:      first_bread, uniq_duvessa

Skill      XL: |  1  2  3  4  5 |
---------------+----------------+-----
Fire Magic     | 4 |  4.7
Spellcasting   | 4 5 |  5.1
Conjurations   | 2 3 |  3.0
Dodging        | |  2.7
Stealth        | |  2.9
Hexes          | |  0.4

Action                   |  1- 3 |  4- 6 || total
-------------------------+-------+-------++-------
 Cast: Flame Tongue      |    51 |    47 ||    98
       Inner Flame       |     2 |     7 ||     9
       Conjure Flame     |     2 |     4 ||     6
  Eat: Chunk             |     1 |     5 ||     6
Armor: Robe              |     3 |       ||     3
Dodge: Dodged            |    13 |       ||    13

Table legend:
 A = Spawn XP
 B = Non-spawn XP
 C = Spawn XP percentage of total XP
 D = Spawn monster count
 E = Non-spawn monster count
 F = Spawn count percentage of total count
 G = Total turns spent on level
                    A         B        C        D         E        F      G
               +---------+---------+-------+---------+---------+-------+---------
         Total |       0 |     289 |   0.0 |       0 |      65 |   0.0 |  2772
               +---------+---------+-------+---------+---------+-------+---------
           D:1 |       0 |      39 |   0.0 |       0 |      23 |   0.0 |  1032
           D:2 |       0 |     108 |   0.0 |       0 |      17 |   0.0 |   792
           D:3 |       0 |      71 |   0.0 |       0 |      21 |   0.0 |   809
           D:4 |       0 |      71 |   0.0 |       0 |       4 |   0.0 |   139
               +---------+---------+-------+---------+---------+-------+---------
